 Dungeon Crawl Stone Soup version 0.30-a0-924-g0ad0bf95bc (webtiles) character file.

Game seed: 7770116358157247524

149 12sPaWn12 the Trooper (level 5, -6/57 HPs)
             Began as an Ogre Berserker on Mar 23, 2023.
             Was a Believer of Trog.
             Mangled by a gnoll
             ... wielding a +0 flail
              (8 damage)
             ... on level 3 of the Dungeon.
             The game lasted 00:02:28 (3229 turns).

12sPaWn12 the Trooper (Ogre Berserker)              Turns: 3229, Time: 00:02:31

Health: -6/57      AC:  3    Str: 23    XL:     5   Next: 31%
Magic:  5/5        EV: 10    Int:  8    God:    Trog [**....]
Gold:   124        SH:  0    Dex:  8    Spells: 4/4 levels left

rFire   . . .      SeeInvis .    a - +0 mace
rCold   . . .      Faith    .    (no shield)
rNeg    + . .      Spirit   .    b - +0 animal skin
rPois   .          Reflect  .    (helmet restricted)
rElec   .          Rampage  .    (no cloak)
rCorr   .                        (gloves unavailable)
Will    .....                    (boots unavailable)
Stlth   +                        (no amulet)
HPRegen 0.29/turn                j - ring of positive energy
MPRegen 0.09/turn                (no ring)

@: no status effects
A: large, unfitting armour, tough skin 1
a: Renounce Religion, Berserk, Trog's Hand


You were on level 3 of the Dungeon.
You worshipped Trog.
Trog was pleased with you.
You visited 1 branch of the dungeon, and saw 3 of its levels.

You collected 124 gold pieces.

Inventory:

Hand Weapons
 a - a +0 mace (weapon)
Missiles
 c - a throwing net (quivered)
Armour
 b - a +0 animal skin (worn)
Jewellery
 j - a ring of positive energy (left hand)
 n - a ring of flight
Scrolls
 d - 5 scrolls of identify {unknown}
 g - 3 scrolls of blinking {unknown}
 i - a scroll of enchant armour {unknown}
 m - a scroll of immolation {unknown}
 p - a scroll of magic mapping {unknown}
Potions
 e - a potion of degeneration {unknown}
 f - 3 potions of mutation {unknown}
 h - a potion of flight {unknown}
 k - a potion of curing {unknown}
 l - a potion of might {unknown}
 o - 2 potions of heal wounds {unknown}


   Skills:
 * Level 5.2 Fighting
 * Level 3.7 Maces & Flails
 * Level 1.1 Armour
 * Level 3.6 Dodging


You had 4 spell levels left.
You didn't know any spells.
Your spell library was empty.

Dungeon Overview and Level Annotations

Branches:
Dungeon (3/15)

Altars:
Elyvilon


Innate Abilities, Weirdness & Mutations

You are too large for most types of armour.
You have tough skin. (AC +1)


Message History

You are too injured to fight recklessly!
You are too injured to fight recklessly!
You are too injured to fight recklessly!
You are too injured to fight recklessly!
You are too injured to fight recklessly!
You are too injured to fight recklessly!
You are too injured to fight recklessly!
You are too injured to fight recklessly!
You are too injured to fight recklessly!
You are too injured to fight recklessly!
You hit the gnoll but do no damage. The gnoll misses you.
You closely miss the gnoll. The gnoll barely misses you.
You sock the gnoll!
The gnoll is heavily wounded.
The gnoll hits you with a +0 flail!
* * * LOW HITPOINT WARNING * * *
The gnoll hits you with a +0 flail.
* * * LOW HITPOINT WARNING * * *
You closely miss the gnoll.
The gnoll is heavily wounded.
The gnoll shouts!
The gnoll closely misses you.
The frilled lizard unfolds its giant frill.
You hit the gnoll.
The gnoll is almost dead.
The gnoll hits you with a +0 flail.
* * * LOW HITPOINT WARNING * * *
You completely miss the gnoll.
The gnoll is almost dead.
The gnoll completely misses you.
You hit the gnoll but do no damage.
The gnoll is almost dead.
The gnoll barely misses you.
You barely miss the gnoll.
The gnoll is almost dead.
The gnoll hits you with a +0 flail!
* * * LOW HITPOINT WARNING * * *
A gnoll comes into view. It is wielding a +0 spear.
The gnoll hits you with a +0 flail!
You die...

########## #........#
#.######.#
##########.######.#
#..glg@........##.#
##g########.###.##.##
# #...#
#.........####
.g.l..l....#
#.........#...
#######...##
#.###.###.#.## ##.##
#.#...# #.#.## #.#
#.#.### #.#.#. #.#
#.#.# #.#.#. ##+#
#.#.#####.#.#.


You could see 3 gnolls and a frilled lizard.

Vanquished Creatures
  A hound (D:3)
  5 adders
  3 worms (D:2)
  A dart slug (D:2)
  5 ball pythons
  3 bats
  3 endoplasms
  3 giant cockroaches
  4 goblins
  10 hobgoblins
  7 jackals
  4 quokkas
  2 frilled lizards
  7 kobolds
  5 rats
63 creatures vanquished.

Notes
Turn   | Place    | Note
-------+----------+-------------------------------------------
     0 | D:1      | 12sPaWn12 the Ogre Berserker began the quest for the Orb.
     0 | D:1      | Reached XP level 1. HP: 24/24 MP: 1/1
   280 | D:1      | Reached XP level 2. HP: 32/32 MP: 2/2
   900 | D:1      | Reached XP level 3. HP: 40/40 MP: 3/3
  1012 | D:1      | Found a faded altar of an unknown god.
  1568 | D:2      | Reached ** piety under Trog
  1569 | D:2      | Reached XP level 4. HP: 37/49 MP: 4/4
  2061 | D:2      | Found a white marble altar of Elyvilon.
  2338 | D:3      | Found a white marble altar of Elyvilon.
  2391 | D:3      | Reached skill level 5 in Fighting
  2602 | D:3      | Reached skill level 1 in Armour
  2815 | D:3      | Reached XP level 5. HP: 30/57 MP: 5/5
  3229 | D:3      | HP: 2/57 [gnoll/+0 flail (10)]
  3229 | D:3      | Mangled by a gnoll

Illustrated notes

Levels and vault maps discovered:
D:1:      minmay_arrival_four_circles, layout_basic,
          chequers_ecumenical_altar_grove
D:2:      layout_basic, minmay_hexomino_r4
D:3:      layout_loops_corners, mainiacjoe_overflow_cross_hatched,
          mainiacjoe_overflow_alcove_3, nrook_loot_triangle

Skill      XL: |  1  2  3  4 |
---------------+-------------+-----
Dodging        | 3 |  3.6
Maces & Flails | 3 |  3.7
Fighting       | 5 |  5.2
Armour         | 1 |  1.1

Action                     |  1- 3 |  4- 6 || total
---------------------------+-------+-------++-------
  Melee: Mace              |   121 |   156 ||   277
         Punch             |       |     1 ||     1
 Armour: Animal skin       |    40 |    39 ||    79
  Dodge: Dodged            |    94 |   116 ||   210

Table legend: (Time is in decaauts)
 A = Elapsed time spent in this place.
 B = Non-inter-level travel time spent in this place.
 C = Inter-level travel time spent in this place.
 D = Time resting spent in this place.
 E = Time spent auto-exploring this place.
 F = Levels seen in this place.
 G = Mean time per level.
                   A        B        C        D        E       F      G
               +--------+--------+--------+--------+--------+-----+--------+
         Total |   3293 |   3273 |     20 |      0 |   2726 |   3 | 1097.7 |
       Dungeon |   3293 |   3273 |     20 |      0 |   2726 |   3 | 1097.7 |
               +--------+--------+--------+--------+--------+-----+--------+

Top non-repeatable levels by time:
     D:2: 1246 daAuts
     D:1: 1110 daAuts
     D:3: 936 daAuts
